 Dungeon Crawl Stone Soup version 0.22.1-2-g9c5b331383 (webtiles) character file.

415 Morrissey the Skirmisher (level 6, 0/39 HPs)
             Began as a Gargoyle Fighter on Dec 6, 2018.
             Killed by divine providence
             ... invoked by an orc priest
              (15 damage)
             ... on level 5 of the Dungeon.
             The game lasted 00:05:11 (3353 turns).

Morrissey the Skirmisher (Gargoyle Fighter)         Turns: 3353, Time: 00:05:12

Health: 0/39       AC: 18    Str: 19    XL:     6   Next: 91%
Magic:  6/6        EV:  3    Int:  9    God:
Gold:   204        SH:  9    Dex: 11    Spells: 5/5 levels left

rFire    . . .     SeeInvis .   a - +0 flail
rCold    . . .     Gourm    .   c - +0 shield
rNeg     + . .     Faith    .   k - +0 plate armour
rPois    ∞         Spirit   .   (no helmet)
rElec    +         Reflect  .   g - +0 cloak
rCorr    .         Harm     .   r - +0 pair of gloves
MR       .....                  (no boots)
Stlth    ..........             (no amulet)
HPRegen  0.13/turn              (no ring)
MPRegen  0.10/turn              (no ring)

@: no status effects
A: negative energy resistance 1, electricity resistance, unbreathing,
petrification resistance, rot immunity, AC +4
a: no special abilities


You were on level 5 of the Dungeon.
You were not hungry.

You visited 2 branches of the dungeon, and saw 6 of its levels.

You collected 204 gold pieces.

Inventory:

Hand Weapons
 a - a +0 flail (weapon)
Armour
 c - a +0 shield (worn)
 g - a +0 cloak (worn)
 k - a +0 plate armour (worn)
 r - a +0 pair of gloves (worn)
Scrolls
 e - a scroll of noise {unknown}
 h - 3 scrolls of identify {unknown}
 j - 2 scrolls of remove curse {unknown}
 n - a scroll of blinking {unknown}
 o - a scroll of amnesia {unknown}
 q - a scroll of teleportation {unknown}
 s - a scroll of enchant armour {unknown}
 t - a scroll of magic mapping {unknown}
Potions
 b - a potion of heal wounds {unknown}
 d - 2 potions of might
 i - 2 potions of haste
 l - a potion of curing {unknown}
 m - 2 potions of brilliance {unknown}
 p - a potion of degeneration {unknown}
 u - a potion of flight {unknown}
Comestibles
 f - 12 rations
 v - 3 chunks of flesh


   Skills:
 + Level 4.7 Fighting
 * Level 4.6 Maces & Flails
 + Level 4.7 Armour
 + Level 4.7 Shields


You had 5 spell levels left.
You didn't know any spells.
Your spell library was empty.

Dungeon Overview and Level Annotations

Branches:
Dungeon (5/15)             Temple (1/1) D:4

Altars:
Ashenzari
Cheibriados
Dithmenos
Elyvilon
Fedhas
Gozag
Hepliaklqana
Kikubaaqudgha
Makhleb
Nemelex Xobeh
Qazlal
Sif Muna
Trog
Uskayaw
Vehumet
Wu Jian
Xom
Zin

Annotations:
D:3 exclusion: door


Innate Abilities, Weirdness & Mutations

You are resistant to torment.
Your stone body is resilient. (AC +4)
You are immune to poison.
You resist negative energy. (rN+)
You are resistant to electric shocks. (rElec)
You can survive without breathing.
You are immune to petrification.
You are immune to rotting.


Message History

It was a potion of haste.
You feel yourself speed up.
You hear some strange, mumbled words.
Something tries to affect you, but you resist.
The orc wizard points at you and mumbles some strange words.
The magic dart hits something.
Reactivating autopickup.
You feel a bit more experienced.
There is an open door here.
You close the door.
There is an open door here.
As you close the door, it creaks loudly!
Your extra speed is starting to run out.
You feel yourself slow down.
There is an open door here.
You close the door.
You start resting.
An orc priest opens the door.
It is wielding a whip.
The orc priest calls down the wrath of Beogh upon you.
Beogh smites you!
You die...

#.......####......###
+.......# #......+
#.......# #......#
#.......## #......##
#......#####.....#
+....<.+...o.....#
#......#...#.....#
#......#...#.....#
#......#@###.....#
#...............##
#...............#
#...............#
+...............#
#...........##+##
#...........#
#...........#
#####+#.....#


You could see an orc priest.

Vanquished Creatures
  A scorpion (D:4)
  A jelly (D:1)
  Crazy Yiuf (D:2)
  Jessica (D:3)
  An iguana (D:4)
  A worker ant (D:4)
  An orc wizard (D:4)
  6 adders
  3 oozes
  An adder skeleton (D:3)
  4 worms (D:2)
  4 dart slugs
  6 leopard geckos
  5 orcs
  5 bats
  9 giant cockroaches
  6 goblins
  8 hobgoblins
  8 jackals
  4 quokkas
  A ball python (D:3)
  5 frilled lizards
  3 kobolds
  8 rats
93 creatures vanquished.

Vanquished Creatures (others)
  An orc wizard (D:5)
1 creature vanquished.

Grand Total: 94 creatures vanquished

Notes
Turn   | Place    | Note
-------+----------+-------------------------------------------
     0 | D:1      | Morrissey the Gargoyle Fighter began the quest for the Orb.
     0 | D:1      | Reached XP level 1. HP: 14/14 MP: 1/1
     0 | D:1      | Noticed a jelly
     1 | D:1      | Found a runed door.
   289 | D:1      | Reached XP level 2. HP: 19/19 MP: 2/2
   795 | D:1      | Reached XP level 3. HP: 23/23 MP: 3/3
   837 | D:1      | Reached XP level 4. HP: 18/29 MP: 4/4
  1234 | D:2      | Found a runed door.
  1259 | D:2      | Noticed Crazy Yiuf
  1264 | D:2      | Killed Crazy Yiuf
  1264 | D:2      | Reached XP level 5. HP: 33/33 MP: 5/5
  1610 | D:3      | Found a burning altar of Makhleb.
  1615 | D:3      | Noticed Jessica
  1621 | D:3      | Killed Jessica
  1939 | D:3      | Reached XP level 6. HP: 37/39 MP: 6/6
  1954 | D:3      | Found a shattered altar of Ashenzari.
  1994 | D:3      | Found a bloodstained altar of Trog.
  2053 | D:3      | Found a deep blue altar of Sif Muna.
  2146 | D:3      | Found a blossoming altar of Fedhas.
  2448 | D:4      | Found a sparkling altar of Nemelex Xobeh.
  2573 | D:4      | Found a staircase to the Ecumenical Temple.
  2648 | Temple   | Entered the Ecumenical Temple
  3125 | D:5      | Entered Level 5 of the Dungeon
  3353 | D:5      | Killed from afar by an orc priest

Skill      XL: |  1  2  3  4  5 |
---------------+----------------+-----
Maces & Flails | 3 4 |  4.6
Fighting       | 4 |  4.7
Armour         | 4 |  4.7
Shields        | 4 |  4.7

Action                   |  1- 3 |  4- 6 || total
-------------------------+-------+-------++-------
Melee: Flail             |   101 |   378 ||   479
  Use: Potion            |     1 |     1 ||     2
  Eat: Chunk             |       |     9 ||     9
Armor: Scale mail        |    77 |    24 ||   101
       Plate armour      |       |   290 ||   290
Dodge: Dodged            |    47 |    59 ||   106
Block: Shield            |    76 |   226 ||   302
